 Seeded DCSS version 0.30-a0-743-gbfdf073431 (webtiles) character file.

Game seed: 5430720872467839093 (custom seed)

879 purpskrrrp the Placeless Spriggan (level 7, -3/33 HPs)
             Began as a Spriggan Warper on Feb 7, 2023.
             Was an Initiate of Vehumet.
             Killed from afar by Duvessa (13 damage)
             ... with a bolt of dispelling energy
             ... on level 5 of the Dungeon.
             The game lasted 00:13:24 (4821 turns).

purpskrrrp the Placeless Spriggan (Spriggan Warper) Turns: 4821, Time: 00:13:24

Health: -3/33      AC:  3    Str: 12    XL:     7   Next: 75%
Magic:  1/15       EV: 19    Int: 21    God:    Vehumet [......]
Gold:   471        SH:  0    Dex: 27    Spells: 9/15 levels left

rFire   x . .      SeeInvis +    d - +5 scimitar of the Grave {spect, Fly rElec rC+ Dex+3}
rCold   + . .      Faith    .    (no shield)
rNeg    . . .      Spirit   .    x - +2 robe of Binutifa {rPois Dex+5}
rPois   +          Reflect  .    (helmet restricted)
rElec   +          Harm     .    (no cloak)
rCorr   .          Rampage  .    (gloves unavailable)
Will    +++..                    (boots unavailable)
Stlth   ++++                     (no amulet)
HPRegen 0.25/turn                s - ring of the Catamount {rF- Will++ Int+6}
MPRegen 0.14/turn                f - +6 ring of strength

@: flying, studying Fighting, very quick
A: very small, no large weapons, unfitting armour, see invisible, speed 3, agile
1, deformed body, electricity resistance, subdued magic 1
a: Renounce Religion


You were on level 5 of the Dungeon.
You worshipped Vehumet.
Vehumet was noncommittal.
You visited 2 branches of the dungeon, and saw 6 of its levels.

You collected 898 gold pieces.
You spent 427 gold pieces at shops.

Inventory:

Hand Weapons
 a - a +0 short sword of chaos
 d - the +5 scimitar of the Grave (weapon) {spect, Fly rElec rC+ Dex+3}
   (You acquired it on level 2 of the Dungeon)

   Dex:       It affects your dexterity (+3).
   rC:        It protects you from cold.
   rElec:     It insulates you from electricity.
   Fly:       It grants you flight.
Missiles
 v - a throwing net
Armour
 b - a +0 robe
 r - the quicksilver dragon scales of Beogh's Esteem {Harm Will+ Regen+ Stlth+}
   (You acquired it on level 2 of the Dungeon)

   Regen:     It increases your rate of health regeneration.
   Harm:      It increases damage dealt and taken.
   Will:      It increases your willpower.
   Stlth:     It makes you more stealthy.
 x - the +2 robe of Binutifa (worn) {rPois Dex+5}
   (You found it on level 3 of the Dungeon)

   Dex:       It affects your dexterity (+5).
   rPois:     It protects you from poison.
Jewellery
 f - a +6 ring of strength (right hand)
 q - a ring of protection from cold
 s - the ring of the Catamount (left hand) {rF- Will++ Int+6}
   (You acquired it on level 2 of the Dungeon)

   [ring of intelligence]

   Int:       It affects your intelligence (+6).
   rF:        It makes you vulnerable to fire.
   Will:      It greatly increases your willpower.
 t - a ring of positive energy
Wands
 e - a wand of mindburst (22)
 z - a wand of roots (5)
Scrolls
 c - 3 scrolls of blinking
 h - 2 scrolls of amnesia
 m - a scroll of fear
 n - 4 scrolls of enchant armour
 p - a scroll of poison {unknown}
 u - a scroll of silence {unknown}
 y - 3 scrolls of teleportation
 A - a scroll of butterflies {unknown}
 B - a scroll of magic mapping {unknown}
 C - a scroll of identify
Potions
 g - a potion of ambrosia {unknown}
 i - 2 potions of lignification
 j - 3 potions of attraction
 k - 2 potions of curing
 l - 2 potions of berserk rage
 o - a potion of degeneration {unknown}
 D - a potion of magic {unknown}


   Skills:
 - Level 1.5 Fighting
 + Level 4.2 Short Blades
 - Level 1.0 Throwing
 - Level 3.2 Dodging
 + Level 4.8 Stealth
 + Level 4.8 Spellcasting
 * Level 10.5 Translocations


You had 9 spell levels left.
You knew the following spells:

 Your Spells              Type           Power      Damage    Failure   Level
a - Blink                 Tloc           74%        N/A       1%          2
b - Manifold Assault      Tloc           37%        N/A       1%          4

Your spell library contained the following spells:

 Spells                   Type           Power      Damage    Failure   Level
 Lesser Beckoning         Tloc           74%        N/A       1%          2
 Teleport Other           Tloc           37%        N/A       1%          3
 Vhi's Electric Charge    Tloc/Air       40%        N/A       2%          3
 Static Discharge         Conj/Air       6%         2-3/arc   14%         2
 Arcjolt                  Conj/Air       1%         1d11      96%         5
 Lightning Bolt           Conj/Air       1%         1d12      96%         5


Dungeon Overview and Level Annotations

Branches:
Dungeon (5/15)             Temple (1/1) D:4

Altars:
Cheibriados
Dithmenos
Hepliaklqana
Nemelex Xobeh
Okawaru
Ru
Sif Muna
Uskayaw
Vehumet
Wu Jian
Xom
Yredelemnul
Zin
The Shining One

Shops:
D:2 ?

Annotations:
D:5 Dowan, Duvessa


Innate Abilities, Weirdness & Mutations

You are very small and have problems with some larger weapons.
You are too small for most types of armour.
You have supernaturally acute eyesight. (SInv)
You cover ground extremely quickly. (Speed+++)
You are agile. (Dex +4, Str/Int -1)
Armour fits poorly on your strangely shaped body.
You are resistant to electric shocks. (rElec)
Your spells are a little easier to cast, but a little less powerful.


Message History

Throw: 2 darts (poison)
Press: ? - help, Shift-Dir - straight line, f/p - two-headed ogre
Aim: a two-headed ogre, wielding a +0 giant spiked club and a +0 giant club (lightly wounded, very poisoned, 78% to hit)
You throw a poisoned dart.
The poisoned dart barely misses the two-headed ogre.
Throw: dart (poison)
Press: ? - help, Shift-Dir - straight line, f/p - two-headed ogre
Aim: a two-headed ogre, wielding a +0 giant spiked club and a +0 giant club (moderately wounded, very poisoned, 78% to hit)
You throw a poisoned dart.
The poisoned dart hits the two-headed ogre.
The two-headed ogre is moderately wounded.
Casting: Manifold Assault (dangerous; 1% risk of failure)
Confirm with . or Enter, or press ? or * to list all spells.
Space momentarily warps into an impossible shape!
You hit the two-headed ogre.
Your +5 scimitar of the Grave {spect, Fly rElec rC+ Dex+3} hits the two-headed ogre.
The two-headed ogre hits your +5 scimitar of the Grave {spect, Fly rElec rC+ Dex+3} with a +0 giant spiked club!
Your spectral weapon shares its damage with you!
The two-headed ogre hits your +5 scimitar of the Grave {spect, Fly rElec rC+ Dex+3} with a +0 giant club!!
Your spectral weapon shares its damage with you!
Your +5 scimitar of the Grave {spect, Fly rElec rC+ Dex+3} fades away.
* * * LOW HITPOINT WARNING * * *
Casting: Manifold Assault (dangerous; 1% risk of failure)
Confirm with . or Enter, or press ? or * to list all spells.
You blink.
You see here a poisoned dart.
You see here 3 poisoned darts.
Found 6 stones.
You feel stable enough to blink again.
The two-headed ogre looks more healthy.
Casting: Blink (safe; 1% risk of failure)
Confirm with . or Enter, or press ? or * to list all spells.
Space momentarily warps into an impossible shape!
You barely miss the two-headed ogre.
Dowan, Brother of Duvessa comes into view.
He is wielding a +1 dagger of venom.
Duvessa, Sister of Dowan comes into view.
She is wielding a +2 short sword of holy wrath and carrying a wand of quicksilver (2).
Duvessa shouts!
Dowan shouts!
Duvessa says, "Where magic fails, the sword succeeds!"
Duvessa zaps a wand.
The bolt of dispelling energy hits you!
You die...

##############...####.###....
#.....+..#.......#
#.#...##.#........
#.#####...........
#..............###
#.........##.#.###
#.......O.........
#......##.##.###.#
#@#+#####.##.# #.# #......#
#.##.# #.O #.........
...#.#####
#.......#######...(.(
#......e# ####### #.......#
#.......# #.......e .


You could see a two-headed ogre, Duvessa and Dowan.

Vanquished Creatures
  The ghost of retardedninja the Ducker, an amateur FeBe of Trog (D:4)
  Blork the orc (D:4)
  A bullfrog (D:4)
  A scorpion (D:4)
  A necrophage (D:2)
  2 orc priests
  A hound (D:5)
  2 iguanas
  4 orc wizards
  9 gnolls
  6 adders
  A white imp (D:4)
  An ufetubus (D:5)
  3 worms (D:4)
  A dart slug (D:4)
  5 orcs
  3 bats
  8 endoplasms
  3 giant cockroaches
  7 hobgoblins
  7 jackals
  6 kobolds
  5 quokkas
  8 ball pythons
  2 frilled lizards
  4 goblins
  3 rats
96 creatures vanquished.

Notes
Turn   | Place    | Note
-------+----------+-------------------------------------------
     0 | D:1      | purpskrrrp the Spriggan Warper began the quest for the Orb.
     0 | D:1      | Reached XP level 1. HP: 10/10 MP: 5/5
    91 | D:1      | Reached skill level 5 in Translocations
   358 | D:1      | Reached XP level 2. HP: 7/14 MP: 6/6
  1224 | D:2      | Reached skill level 6 in Translocations
  1327 | D:2      | Reached XP level 3. HP: 18/18 MP: 8/8
  1394 | D:2      | Learned a level 2 spell: Blink
  1540 | D:2      | Noticed a necrophage
  1585 | D:2      | Identified 3 scrolls of acquirement
  1585 | D:2      | Acquired the quicksilver dragon scales of Beogh's Esteem
                  | {Harm Will+ Regen+ Stlth+}
  1614 | D:2      | Killed a necrophage
  1615 | D:2      | Reached skill level 7 in Translocations
  1615 | D:2      | Reached XP level 4. HP: 22/22 MP: 9/9
  1620 | D:2      | Learned a level 4 spell: Manifold Assault
  1665 | D:2      | Found Doddoiw's Magic Scroll Shoppe.
  1670 | D:2      | Acquired the ring of the Catamount {rF- Will++ Int+6}
  1681 | D:2      | Acquired 734 gold pieces
  1685 | D:2      | Bought a scroll of identify for 28 gold pieces
  1685 | D:2      | Bought a scroll of enchant armour for 105 gold pieces
  1685 | D:2      | Bought a scroll of enchant armour for 105 gold pieces
  1685 | D:2      | Bought a scroll of identify for 28 gold pieces
  1685 | D:2      | Bought a scroll of fear for 56 gold pieces
  1685 | D:2      | Bought a scroll of blinking for 105 gold pieces
  1965 | D:2      | Acquired the +5 scimitar of the Grave {spect, Fly rElec rC+
                  | Dex+3}
  1988 | D:2      | Gained mutation: Armour fits poorly on your strangely
                  | shaped body. [potion of mutation]
  1988 | D:2      | Gained mutation: Your spells are a little easier to cast,
                  | but a little less powerful. [potion of mutation]
  1988 | D:2      | Gained mutation: You are resistant to electric shocks.
                  | (rElec) [potion of mutation]
  1988 | D:2      | Gained mutation: You are agile. (Dex +4, Str/Int -1)
                  | [potion of mutation]
  2094 | D:2      | Reached skill level 8 in Translocations
  2226 | D:3      | Reached XP level 5. HP: 25/25 MP: 1/10
  2229 | D:3      | Reached skill level 1 in Stealth
  2302 | D:3      | Identified the +3 short sword of the Manifold Quests
                  | {flame, rElec Int+5}
  2601 | D:3      | Found a faded altar of an unknown god.
  2708 | D:3      | Found an iron altar of Okawaru.
  2772 | D:3      | Identified the +2 robe of Binutifa {rPois Dex+5}
  2989 | D:3      | Reached XP level 6. HP: 13/30 MP: 7/12
  3517 | D:4      | Reached skill level 9 in Translocations
  3576 | D:4      | Found a staircase to the Ecumenical Temple.
  3583 | D:4      | Found a runed translucent door.
  3592 | D:4      | Noticed retardedninja's ghost (amateur FeBe)
  3741 | Temple   | Entered the Ecumenical Temple
  3996 | Temple   | Became a worshipper of Vehumet
  4193 | D:4      | Noticed Blork the orc
  4200 | D:4      | Killed Blork the orc
  4201 | D:4      | Reached XP level 7. HP: 26/33 MP: 14/14
  4490 | D:4      | Reached skill level 10 in Translocations
  4492 | D:4      | Killed retardedninja's ghost
  4629 | D:5      | Entered Level 5 of the Dungeon
  4726 | D:5      | Noticed a two-headed ogre
  4820 | D:5      | Noticed Dowan
  4821 | D:5      | Noticed Duvessa
  4821 | D:5      | Killed from afar by Duvessa

Illustrated notes

Levels and vault maps discovered:
D:1:      dpeg_arrival_boxes_within_box, layout_basic
D:2:      layout_loops_ring, serial_shops, shop, nicolae_kite_square_tiling_tiny
D:3:      layout_rooms, okawaru_metal_pillars_3, ebering_ecumenical_altar_rust
D:4:      layout_basic, minmay_temple_entry_overgrown, ebering_ghost_sewer_d,
          minmay_manual_monstrance, uniq_blork_the_orc
D:5:      layout_basic, uniq_duvessa
Temple:   oiseaux_autumnal_temple

Skill      XL: |  1  2  3  4  5  6  7 |
---------------+----------------------+-----
Translocations | 5 6 7 8 9 10 | 10.5
Stealth        | 2 3 4 |  4.8
Spellcasting   | 3 4 |  4.8
Short Blades   | 3 4 |  4.2
Fighting       | |  1.5
Throwing       | |  1.0
Dodging        | |  3.2

Action                     |  1- 3 |  4- 6 |  7- 9 || total
---------------------------+-------+-------+-------++-------
  Melee: Short sword       |   132 |    16 |       ||   148
         Scimitar          |       |    98 |    23 ||   121
         Punch             |       |     2 |       ||     2
  Throw: Boomerang         |     7 |       |       ||     7
         Dart              |       |       |     8 ||     8
         Throwing net      |       |       |     1 ||     1
   Cast: Manifold Assault  |       |     8 |     7 ||    15
         Blink             |       |     2 |     1 ||     3
    Use: Scroll            |     3 |    13 |       ||    16
         Potion            |       |     2 |       ||     2
   Stab: Sleeping          |     1 |    10 |     1 ||    12
         Petrified         |     6 |       |       ||     6
         Petrifying        |     2 |       |       ||     2
         Distracted        |       |       |     1 ||     1
 Armour: Robe              |     9 |     3 |     2 ||    14
  Dodge: Dodged            |    98 |    78 |    12 ||   188

Table legend: (Time is in decaauts)
 A = Elapsed time spent in this place.
 B = Non-inter-level travel time spent in this place.
 C = Inter-level travel time spent in this place.
 D = Time resting spent in this place.
 E = Time spent auto-exploring this place.
 F = Levels seen in this place.
 G = Mean time per level.
                   A        B        C        D        E       F      G
               +--------+--------+--------+--------+--------+-----+--------+
         Total |   3498 |   3320 |    178 |    570 |   1952 |   6 |  583.0 |
       Dungeon |   3321 |   3184 |    137 |    570 |   1828 |   5 |  664.2 |
        Temple |    177 |    136 |     41 |      0 |    124 |   1 |  177.0 |
               +--------+--------+--------+--------+--------+-----+--------+

Top non-repeatable levels by time:
     D:1: 872 daAuts
     D:2: 856 daAuts
     D:4: 786 daAuts
     D:3: 667 daAuts
  Temple: 177 daAuts
     D:5: 137 daAuts
